 Dungeon Crawl Stone Soup version 0.29-a0-72-g1732ff48e7 (webtiles) character file.

Game seed: 2461616851814244020

311 bande the Covered (level 6, -6/38 HPs)
             Began as a Gargoyle Fighter on Feb 4, 2022.
             Mangled by an ogre (11 damage)
             ... on level 4 of the Dungeon.
             The game lasted 00:05:13 (2807 turns).

bande the Covered (Gargoyle Fighter)                Turns: 2807, Time: 00:05:14

Health: -6/38      AC: 21    Str: 20    XL:     6   Next: 42%
Magic:  6/6        EV:  9    Int:  8    God:
Gold:   1138       SH:  4    Dex: 11    Spells: 5/5 levels left

rFire   . . .      SeeInvis .   a - +0 war axe (protect)
rCold   . . .      Faith    .   c - +0 buckler
rNeg    + . .      Spirit   .   b - +0 scale mail
rPois   ∞          Reflect  .   k - +0 helmet
rElec   +          Harm     .   (no cloak)
rCorr   .          Rampage  .   (no gloves)
Will    .....                   (no boots)
Stlth   ..........              (no amulet)
HPRegen 0.12/turn               (no ring)
MPRegen 0.10/turn               (no ring)

@: under a protective aura
A: sickness immunity, AC +4, negative energy resistance 1, electricity
resistance, torment resistance 1, petrification resistance, iridescent scales 1
a: no special abilities


You were on level 4 of the Dungeon.
You visited 1 branch of the dungeon, and saw 4 of its levels.

You collected 1138 gold pieces.

Inventory:

Hand Weapons
 a - a +0 war axe of protection (weapon)
Armour
 b - a +0 scale mail (worn)
 c - a +0 buckler (worn)
 k - a +0 helmet (worn)
Wands
 m - a wand of acid (4)
Scrolls
 e - a scroll of fear
 g - 3 scrolls of teleportation
 n - a scroll of fog
Potions
 d - a potion of might
 f - a potion of resistance {unknown}
 h - 2 potions of haste
 i - 2 potions of mutation
 j - a potion of cancellation {unknown}
 l - a potion of heal wounds {unknown}


   Skills:
 + Level 4.1 Fighting
 + Level 4.2 Axes
 + Level 4.5 Armour
 + Level 4.1 Shields
 * Level 1.1 Evocations


You had 5 spell levels left.
You didn't know any spells.
Your spell library was empty.

Dungeon Overview and Level Annotations

Branches:
Dungeon (4/15)
 Temple: D:4-7

Altars:


Innate Abilities, Weirdness & Mutations

You are immune to sickness and miasma.
Your stone body is resilient. (AC +4)
You are immune to poison.
You resist negative energy. (rN+)
You are resistant to electric shocks. (rElec)
You are resistant to unholy torment.
You are immune to petrification.
You are partially covered in iridescent scales. (AC +2)


Message History

The hound skeleton is moderately damaged.
The hound skeleton barely misses you. The hound skeleton closely misses you.
You slash the hound skeleton!
The hound skeleton is almost destroyed.
The hound skeleton barely misses you.
The hound skeleton bites you but does no damage.
You hit the hound skeleton.
You destroy the hound skeleton!
No target in view!
No target in view!
No target in view!
An ogre comes into view. It is wielding a +0 giant club.
An ogre is nearby!
You block the ogre's attack.
You barely miss the ogre. The ogre hits you with a +0 giant club!
You slash the ogre!
Your weapon exudes an aura of protection.
The ogre is moderately wounded.
The ogre closely misses you.
You slash the ogre!
The ogre is severely wounded.
The ogre hits you with a +0 giant club.
You barely miss the ogre.
The ogre is severely wounded.
The ogre hits you with a +0 giant club!
* * * LOW HITPOINT WARNING * * *
You are too injured to fight recklessly!
You are too injured to fight recklessly!
You are too injured to fight recklessly!
You hit the ogre but do no damage.
The ogre is severely wounded.
The ogre hits you with a +0 giant club.
* * * LOW HITPOINT WARNING * * *
You hit the ogre but do no damage.
The ogre is severely wounded.
You block the ogre's attack.
You closely miss the ogre.
The ogre is severely wounded.
The ogre hits you with a +0 giant club!
You die...

#.## #..
#..# #..
##.# #.#
#.# #.#
#.# #.#
#.# #.#
#.# #O#
#.# #@#
#.# #.#
#.# #.#
#.# #.#
#.#
#.####.#
#......#
########


You could see an ogre.

Vanquished Creatures
  A phantom (D:3)
  A scorpion (D:4)
  A howler monkey (D:4)
  A hound skeleton (D:4)
  Robin (D:2)
  5 adders
  A dart slug (D:1)
  An orc (D:3)
  6 ball pythons
  8 endoplasms
  4 giant cockroaches
  11 goblins
  6 hobgoblins
  2 jackals (D:2)
  3 quokkas
  7 bats
  4 frilled lizards
  A kobold (D:2)
  6 rats
70 creatures vanquished.

Notes
Turn   | Place    | Note
-------+----------+-------------------------------------------
     0 | D:1      | bande the Gargoyle Fighter began the quest for the Orb.
     0 | D:1      | Reached XP level 1. HP: 14/14 MP: 1/1
   149 | D:1      | Reached XP level 2. HP: 19/19 MP: 2/2
   558 | D:1      | Found a faded altar of an unknown god.
   751 | D:1      | Reached XP level 3. HP: 23/23 MP: 3/3
   980 | D:2      | Gained mutation: You are partially covered in iridescent
                  | scales. (AC +2) [potion of mutation]
  1099 | D:2      | Identified a scroll of acquirement
  1099 | D:2      | Acquired 940 gold pieces
  1409 | D:2      | Noticed Robin
  1418 | D:2      | Killed Robin
  1419 | D:2      | Reached XP level 4. HP: 29/29 MP: 4/4
  1914 | D:3      | Noticed a phantom
  1954 | D:3      | Killed a phantom
  1955 | D:3      | Reached XP level 5. HP: 20/33 MP: 5/5
  2599 | D:4      | Reached XP level 6. HP: 26/38 MP: 6/6
  2604 | D:4      | Reached skill level 1 in Evocations
  2807 | D:4      | Mangled by an ogre

Illustrated notes

Levels and vault maps discovered:
D:1:      saegor_arrival_simple_b, layout_basic, basic_ecumenical_altar,
          serial_aquarium, aquarium_bridge_long_separate
          [aquarium_subvault_bridge, aquarium_subvault_window,
          aquarium_subvault_window, aquarium_subvault_bridge,
          aquarium_subvault_bridge, aquarium_subvault_wall], aquarium_window_1,
          aquarium_window_corner, aquarium_window_1, aquarium_view_2c,
          aquarium_pool_four, hangedman_decor_slide_cut
D:2:      layout_basic, uniq_robin
D:3:      layout_rooms, minmay_misc_feat_diagonals
D:4:      layout_rooms, nicolae_overflow_hallway_of_the_gods

Skill      XL: |  1  2  3  4  5  6 |
---------------+-------------------+-----
Axes           | 2 3 4 |  4.2
Armour         | 4 |  4.5
Fighting       | 4 |  4.1
Shields        | 4 |  4.1
Evocations     | 1 |  1.1

Action                   |  1- 3 |  4- 6 || total
-------------------------+-------+-------++-------
Melee: War axe           |   110 |   108 ||   218
  Use: Scroll            |     6 |     2 ||     8
       Potion            |     1 |       ||     1
Armor: Scale mail        |    62 |    67 ||   129
Dodge: Dodged            |    69 |    59 ||   128
Block: Buckler           |    37 |    32 ||    69

Table legend: (Time is in decaauts)
 A = Elapsed time spent in this place.
 B = Non-inter-level travel time spent in this place.
 C = Inter-level travel time spent in this place.
 D = Time resting spent in this place.
 E = Time spent auto-exploring this place.
 F = Levels seen in this place.
 G = Mean time per level.
                   A        B        C        D        E       F      G
               +--------+--------+--------+--------+--------+-----+--------+
         Total |   2893 |   2893 |      0 |    291 |   1974 |   4 |  723.2 |
       Dungeon |   2893 |   2893 |      0 |    291 |   1974 |   4 |  723.2 |
               +--------+--------+--------+--------+--------+-----+--------+

Top non-repeatable levels by time:
     D:1: 990 daAuts
     D:2: 979 daAuts
     D:3: 773 daAuts
     D:4: 150 daAuts
